 Dungeon Crawl Stone Soup version 0.19-a0-944-gb338e1e (webtiles) character file.

8024 Gagarin the Frost Mage (level 11, -12/75 HPs)
             Began as a White Draconian Ice Elementalist on July 8, 2016.
             Was a Priest of Sif Muna.
             Mangled by a spiny frog (21 damage)
             ... on level 1 of the Lair of Beasts.
             The game lasted 00:58:05 (12842 turns).

Gagarin the Frost Mage (DrIE)                      Turns: 12842, Time: 00:58:05

Health: -12/75     AC:  9    Str: 10 (11) XL:     11   Next: 4%
Magic:  1/23       EV: 15    Int: 22      God:    Sif Muna [***...]
Gold:   504        SH:  3    Dex: 11 (12) Spells: 5 memorised, 11 levels left

rFire  . . .     SeeInvis .       - Unarmed
rCold  + . .     Gourm    .     (armour unavailable)
rNeg   . . .     Faith    .     (no shield)
rPois  .         Spirit   .     (helmet restricted)
rElec  .         Dismiss  .     I - +0 cloak
rCorr  .         Reflect  +     y - +0 pair of gloves
SustAt +         Harm     .     (no boots)
MR     +....                    t - +3 amulet of reflection
Stlth  ++........               v - ring of sustain attributes
                                o - +4 ring of intelligence

@: very slightly contaminated, divine energy, somewhat resistant to hostile
enchantments, unstealthy
A: breathe frost, unfitting armour, blink, cold resistance 1, frail 1, magic
resistance 1, cold-blooded, AC +7
a: Breathe Frost, Blink, Stop Divine Energy, Channel Magic, Renounce Religion


You were on level 1 of the Lair of Beasts.
You worshipped Sif Muna.
Sif Muna was most pleased with you.
You were not hungry.

You visited 3 branches of the dungeon, and saw 11 of its levels.

You collected 627 gold pieces.
You spent 123 gold pieces at shops.

Inventory:

Missiles
 w - 7 tomahawks (quivered)
Armour
 y - a +0 pair of gloves (worn)
 I - a +0 cloak (worn)
Jewellery
 i - an uncursed amulet of guardian spirit
 k - an uncursed amulet of regeneration
 o - a +4 ring of intelligence (left hand)
 t - a +3 amulet of reflection (around neck)
 v - a ring of sustain attributes (right hand)
 E - an uncursed amulet of faith
Wands
 l - a wand of random effects (25/48)
 u - a wand of lightning (7/15)
 A - a wand of lightning (9/15)
 D - a wand of lightning (0/15)
 J - a wand of enslavement (5/24)
 L - a wand of lightning (3/15)
Scrolls
 f - 3 scrolls of identify
 j - 5 scrolls of remove curse
 m - 2 scrolls of enchant weapon {unknown}
 p - 3 scrolls of immolation {unknown}
 r - a scroll of blinking {unknown}
 s - a scroll of enchant armour {unknown}
 z - 4 scrolls of teleportation
 C - 2 scrolls of fog {unknown}
 H - a scroll of holy word {unknown}
 K - a scroll of silence {unknown}
 M - a scroll of random uselessness {unknown}
Potions
 e - 2 potions of agility
 g - 2 potions of curing
 h - a potion of brilliance
 q - 2 potions of resistance
 F - a potion of mutation
 G - a potion of flight {unknown}
Books
 a - a book of Frost

   Spells                             Type                      Level
   a - Freeze                         Ice                          1
   b - Throw Frost                    Conjuration/Ice              2
   c - Ozocubu's Armour               Charms/Ice                   3
   d - Throw Icicle                   Conjuration/Ice              4
   e - Summon Ice Beast               Ice/Summoning                4
 B - a book of Alchemy

   Spells                             Type                      Level
   a - Sublimation of Blood           Necromancy                   2
   b - Ignite Poison                  Fire/Transmutation/Poison    3
   c - Petrify                        Transmutation/Earth          4
   d - Alistair's Intoxication        Transmutation/Poison         5
   e - Irradiate                      Conjuration/Transmutation    5
 P - a book of the Sky

   Spells                             Type                      Level
   a - Summon Lightning Spire         Summoning/Air                4
   b - Airstrike                      Air                          4
   c - Silence                        Hexes/Air                    5
   d - Deflect Missiles               Charms/Air                   6
   e - Conjure Ball Lightning         Conjuration/Air              6
   f - Tornado                        Air                          9
Comestibles
 b - 5 bread rations
 c - 2 beef jerkies
 d - 5 fruits
 n - 2 slices of pizza
 x - 4 meat rations
 N - 10 royal jellies
 O - 4 chunks of flesh


   Skills:
 + Level 4.0 Fighting
 + Level 6.8 Dodging
 + Level 3.7 Stealth
 + Level 3.6 Unarmed Combat
 + Level 8.9 Spellcasting
 + Level 1.9 Conjurations
 + Level 2.9 Charms
 + Level 3.0 Summonings
 + Level 11.3 Ice Magic
 + Level 0.8 Evocations


You had 11 spell levels left.
You knew the following spells:

 Your Spells              Type           Power        Failure   Level  Hunger
a - Freeze                Ice            ####         1%          1    None
b - Ozocubu's Armour      Chrm/Ice       #####...     1%          3    None
c - Throw Icicle          Conj/Ice       #####...     6%          4    ##.....
d - Summon Ice Beast      Ice/Summ       #####...     4%          4    ##.....
e - Summon Lightning Spi  Summ/Air       ###.....     38%         4    ##.....


Dungeon Overview and Level Annotations

Branches:
Dungeon (9/15)             Temple (1/1) D:6            Lair (1/6) D:8
    Orc: D:9-12

Altars:
Ashenzari
Dithmenos
Elyvilon
Fedhas
Gozag
Hepliaklqana
Kikubaaqudgha
Makhleb
Nemelex Xobeh
Okawaru
Ru
Sif Muna
Trog
Uskayaw
Vehumet
Yredelemnul
The Shining One

Shops:
D:6 *(:?

Annotations:
D:8 Fannar


Innate Abilities, Weirdness & Mutations

You can breathe waves of freezing cold.
You can buffet flying creatures when you breathe cold.
Your icy white scales are hard. (AC +7)
Your body does not fit into most forms of armour.
Your flesh is cold resistant. (rC+)
You are cold-blooded and may be slowed by cold attacks.
You can translocate small distances at will.
You are frail. (-10% HP)
You are resistant to hostile enchantments. (MR+)


Message History

Casting: Freeze
Confirm with . or Enter, or press ? or * to list all spells.
Aiming: Freeze
Press: ? - help, Shift-Dir - straight line, f/p - spiny frog
Aim: a spiny frog (almost dead)
You freeze the spiny frog.
The spiny frog seems to slow down.
The spiny frog is almost dead.
* * * LOW HITPOINT WARNING * * *
You feel sick.
* * * LOW HITPOINT WARNING * * *
You feel sick.
* * * LOW HITPOINT WARNING * * *
You feel sick.
Okay, then.
You feel better.
The spiny frog is no longer moving slowly.
The spiny frog stings you!!
* * * LOW HITPOINT WARNING * * *
You feel better. The spiny frog stings you!!
You die...

P....###..##....# .##
#.######..##.#.##......
..........#..##.#..#...
.†................##.8.
.......................
............÷........
...............#..#.. .
.............l....##.8.8
...........#P#PF@.......
#.##.+##...######.......
.......#...##...##..#)..
................# .?.. .
.......P.?.##...# .....
.......#.l.# ...# #....
.......#...... ... ....
.......#...##....# ...
...#..+#...# ..#.


You could see a spiny frog and an iguana.

Vanquished Creatures
  Joseph (D:7)
  3 hippogriffs
  Duvessa (D:4)
  4 water moccasins
  2 hell hounds (D:8)
  A porcupine (Lair:1)
  An orc warrior (D:8)
  3 ice beasts (D:7)
  3 sky beasts
  2 black bears
  A wolf (D:8)
  9 ogres
  A centaur (D:8)
  3 crocodiles (Lair:1)
  A big kobold (D:7)
  2 elf zombies (D:8)
  6 giant frogs
  Dowan (D:4)
  3 scorpions
  5 wights
  A howler monkey (D:4)
  2 crimson imps
  A quasit (D:5)
  A giant frog skeleton (D:5)
  4 human zombies (D:8)
  7 orc priests
  2 hounds
  4 jellies
  An orc wizard (D:3)
  A human skeleton (D:8)
  4 iguanas
  7 worker ants
  A hound zombie (D:8)
  A worker ant zombie (D:5)
  3 gnolls (D:6)
  7 adders
  7 river rats (Lair:1)
  4 shadow imps
  5 oozes (D:8)
  2 worms
  3 dart slugs (D:2)
  6 giant geckos
  20 orcs
  4 giant cockroaches
  5 goblins
  6 hobgoblins
  7 jackals (D:4)
  9 kobolds
  4 quokkas
  8 bats
  3 giant newts
  6 rats
199 creatures vanquished.

Vanquished Creatures (collateral kills)
  A hydra (Lair:1)
  Maurice (D:8)
  Psyche (D:8)
  2 spiny frogs (Lair:1)
  2 komodo dragons (Lair:1)
  Sigmund (D:5)
  A wraith (D:8)
  Grum (D:8)
  A hippogriff (Lair:1)
  A water moccasin (Lair:1)
  An orc warrior (D:6)
  A phantom (D:9)
  2 necrophages (D:8)
  A centaur (D:8)
  A wolf (D:8)
  A crocodile (D:8)
  A giant frog (D:8)
  A wight (D:8)
  An orc wizard (D:7)
  A giant frog skeleton (D:6)
  4 orc priests
  Crazy Yiuf (D:7)
  An iguana (D:6)
  A worker ant (D:8)
  A gnoll (D:6)
  A white imp (D:5)
  8 orcs
  A quokka (D:6)
41 creatures vanquished.

Vanquished Creatures (others)
  A quokka (D:7)
  A fungus (Lair:1)
2 creatures vanquished.

Grand Total: 242 creatures vanquished

Notes
Turn   | Place    | Note
-------+----------+-------------------------------------------
     0 | D:1      | Gagarin the Draconian Ice Elementalist began the quest for the Orb.
     0 | D:1      | Reached XP level 1. HP: 14/14 MP: 3/3
   671 | D:1      | Reached XP level 2. HP: 15/20 MP: 3/5
  1008 | D:2      | Reached XP level 3. HP: 15/27 MP: 1/6
  1013 | D:2      | Learned a level 3 spell: Ozocubu's Armour
  1679 | D:2      | Found a burning altar of Makhleb.
  1716 | D:2      | Reached XP level 4. HP: 34/34 MP: 5/7
  1794 | D:3      | Reached skill level 1 in Unarmed Combat
  1907 | D:3      | Reached skill level 4 in Ice Magic
  2217 | D:3      | Reached XP level 5. HP: 35/39 MP: 9/9
  2307 | D:3      | Noticed an ogre
  2382 | D:2      | Learned a level 4 spell: Throw Icicle
  2520 | D:3      | Killed an ogre
  2836 | D:4      | Noticed an ogre
  2867 | D:3      | Reached XP level 6. HP: 29/46 MP: 5/10
  3167 | D:3      | Reached skill level 1 in Fighting
  3392 | D:4      | Reached skill level 1 in Charms
  3392 | D:4      | Your scales start taking on an icy white colour.
  3392 | D:4      | Reached skill level 5 in Ice Magic
  3392 | D:4      | Reached XP level 7. HP: 35/52 MP: 1/12
  3392 | D:4      | Gained mutation: Your flesh is cold resistant. (rC+) [White Draconian growth]
  3786 | D:4      | Reached skill level 6 in Ice Magic
  4129 | D:4      | Noticed Duvessa
  4132 | D:4      | Noticed Dowan
  4140 | D:4      | Killed Duvessa
  4157 | D:4      | Killed Dowan
  4398 | D:4      | Learned a level 4 spell: Summon Ice Beast
  4410 | D:5      | Entered Level 5 of the Dungeon
  4670 | D:5      | Reached XP level 8. HP: 61/61 MP: 7/15
  4678 | D:5      | Reached skill level 5 in Spellcasting
  4969 | D:5      | Noticed Sigmund
  5053 | D:6      | Found Zerhoix's Weapon Shoppe.
  5058 | D:6      | Found a bloodstained altar of Trog.
  5088 | D:6      | Reached skill level 7 in Ice Magic
  5495 | D:6      | Found a staircase to the Ecumenical Temple.
  5503 | Temple   | Entered the Ecumenical Temple
  5540 | Temple   | Became a worshipper of Sif Muna the Loreminder
  5608 | D:6      | Found Zunad's Magic Scroll Emporium.
  5638 | D:6      | Bought a scroll of teleportation for 39 gold pieces
  5638 | D:6      | Bought a scroll of fear for 45 gold pieces
  5638 | D:6      | Bought a scroll of remove curse for 39 gold pieces
  6007 | D:6      | Reached skill level 5 in Dodging
  6250 | D:6      | Found Vodwumpe's Assorted Antiques.
  6940 | D:6      | Reached skill level 8 in Ice Magic
  6965 | D:6      | Reached skill level 1 in Summonings
  7098 | D:6      | Reached XP level 9. HP: 61/67 MP: 8/18
  7198 | D:6      | You fall through a shaft!
  7240 | D:7      | Noticed Joseph
  7259 | D:7      | Killed Joseph
  7259 | D:7      | Reached * piety under Sif Muna
  7518 | D:6      | Reached skill level 9 in Ice Magic
  7736 | D:6      | Found Dum Seitaohi's Book Emporium.
  7934 | D:5      | Killed Sigmund
  8789 | D:7      | Found a white marble altar of Elyvilon.
  8792 | D:7      | Reached ** piety under Sif Muna
  8953 | D:7      | Found a runed door.
  9230 | D:7      | Noticed Crazy Yiuf
  9235 | D:7      | Killed Crazy Yiuf
  9307 | D:8      | Noticed Grum
  9315 | D:8      | Reached XP level 10. HP: 58/75 MP: 1/21
  9316 | D:8      | Noticed Maurice
  9323 | D:8      | Killed Grum
  9323 | D:8      | Reached skill level 10 in Ice Magic
  9553 | D:8      | Killed Maurice
  9665 | D:8      | Gained mutation: You are frail. (-10% HP) [potion of mutation]
  9665 | D:8      | Gained mutation: You can translocate small distances at will. [potion of mutation]
  9665 | D:8      | Gained mutation: You are resistant to hostile enchantments. (MR+) [potion of mutation]
  9801 | D:8      | Found a staircase to the Lair.
  9996 | D:8      | Noticed Psyche
 10005 | D:8      | Killed Psyche
 10610 | D:8      | Found a basalt altar of Yredelemnul.
 10954 | D:8      | Reached *** piety under Sif Muna
 11160 | Lair:1   | Entered Level 1 of the Lair of Beasts
 11393 | Lair:1   | Noticed an eight-headed hydra
 11402 | Lair:1   | Killed an eight-headed hydra
 11405 | Lair:1   | Reached skill level 11 in Ice Magic
 11484 | Lair:1   | Noticed Fannar
 11517 | Lair:1   | Noticed a spiny frog
 11845 | Lair:1   | Killed a spiny frog
 11859 | Lair:1   | Noticed a spiny frog
 12226 | Lair:1   | Killed a spiny frog
 12659 | Lair:1   | Reached XP level 11. HP: 47/75 MP: 0/23
 12805 | Lair:1   | Learned a level 4 spell: Summon Lightning Spire
 12841 | Lair:1   | HP: 1/75 [spiny frog (18)]
 12842 | Lair:1   | Mangled by a spiny frog

Vault maps used:
D:1:      sevenhm_arrival_forest_fort_small_4
D:2:      makhleb_blood_cavern_becter
D:4:      uniq_duvessa
D:5:      first_bread, minmay_fire_ice_demons, uniq_sigmund
D:6:      serial_shops, nicolae_shop_stone, shop_statue, shop, shop_fountains,
          bloody_trog
D:7:      elyvilon_altar_4, uniq_crazy_yiuf_cottage, uniq_joseph
D:8:      minmay_lair_entry_lava, hangedman_little_slice_of_home,
          lemuel_mausoleum_altar_yredelemnul, uniq_psyche, uniq_maurice,
          uniq_grum
Temple:   regret_index_temple_sigil_plot
Lair:1:   grunt_megastairs_2, uniq_fannar

Skill      XL: |  1  2  3  4  5  6  7  8  9 10 |
---------------+-------------------------------+-----
Stealth        | 2 3 |  3.7
Dodging        | 2 3 4 5 6 |  6.8
Unarmed Combat | 1 2 3 |  3.6
Ice Magic      | 4 5 6 8 9 11 | 11.3
Spellcasting   | 3 4 6 7 8 |  8.9
Fighting       | 1 2 4 |  4.0
Charms         | 1 2 |  2.9
Summonings     | 1 3 |  3.0
Conjurations   | |  1.9
Evocations     | |  0.8

Action                   |  1- 3 |  4- 6 |  7- 9 | 10-12 || total
-------------------------+-------+-------+-------+-------++-------
Melee: Unarmed           |   111 |   130 |   289 |   225 ||   755
       Tailslap          |     9 |    18 |    34 |    28 ||    89
       Punch             |       |       |     5 |     2 ||     7
Throw: Tomahawk          |       |       |     2 |       ||     2
 Cast: Freeze            |    33 |    41 |   179 |   107 ||   360
       Ozocubu's Armour  |     2 |     8 |    33 |    16 ||    59
       Throw Icicle      |       |     2 |    21 |    27 ||    50
       Summon Ice Beast  |       |       |    19 |    38 ||    57
       Summon Lightning  |       |       |       |     1 ||     1
Invok: Divine Energy     |       |       |       |     1 ||     1
 Abil: Breathe Frost     |       |       |     6 |     1 ||     7
Evoke: Wand              |       |       |     4 |     3 ||     7
  Use: Potion            |       |     5 |     4 |     8 ||    17
       Scroll            |       |     3 |     1 |     6 ||    10
 Stab: Sleeping          |     5 |     4 |     2 |     2 ||    13
       Distracted        |       |       |       |     1 ||     1
  Eat: Chunk             |     3 |     6 |    26 |    12 ||    47
       Beef jerky        |       |       |     1 |       ||     1
       Meat ration       |       |       |       |     1 ||     1
Armor: Skin              |    54 |    49 |   199 |    94 ||   396
Dodge: Dodged            |    85 |   119 |   304 |   160 ||   668
Block: Other             |       |     9 |    52 |    30 ||    91
       Reflection        |       |       |     2 |     2 ||     4
